 Dungeon Crawl Stone Soup version 0.28-a0-1038-g9c4cb8273d (webtiles) character file.

Game seed: 2306905722143231317

571 tsouns the Magician (level 7, 0/36 HPs)
             Began as a Deep Elf Hedge Wizard on Dec 8, 2021.
             Was an Initiate of Ashenzari.
             Slain by Prince Ribbit (13 damage)
             ... on level 5 of the Dungeon.
             The game lasted 00:12:56 (5238 turns).

tsouns the Magician (Deep Elf Hedge Wizard)         Turns: 5238, Time: 00:12:57

Health: 0/36       AC:  2    Str:  7    XL:     7   Next: 12%
Magic:  7/19       EV: 12    Int: 21    God:    Ashenzari [......]
Gold:   164        SH:  0    Dex: 14    Spells: 7/19 levels left

rFire   . . .      SeeInvis .   n - staff of conjuration
rCold   . . .      Faith    .   (no shield)
rNeg    . . .      Spirit   .   b - +0 robe
rPois   .          Reflect  .   c - +0 hat of the Tethered Augurer {Self, Bglg} (curse)
rElec   .          Harm     .   (no cloak)
rCorr   .          Rampage  .   (no gloves)
Will    .....                   (no boots)
Stlth   ++........              (no amulet)
HPRegen 0.12/turn               (no ring)
MPRegen 0.16/turn               (no ring)

@: no status effects
A: no striking features
a: Renounce Religion, Curse Item, Shatter the Chains


You were on level 5 of the Dungeon.
You worshipped Ashenzari.
Ashenzari was noncommittal.
You visited 1 branch of the dungeon, and saw 5 of its levels.

You collected 164 gold pieces.

Inventory:

Hand Weapons
 a - a +0 dagger
 p - a +0 dagger of venom
Missiles
 o - 3 boomerangs (quivered)
Armour
 b - a +0 robe (worn)
 c - the cursed +0 hat of the Tethered Augurer (worn) {Self, Bglg}

   It has a curse which improves the following skills: Introspection: Fighting
   and Spellcasting.
   Beguiling: Conjurations, Hexes and Translocations.
Magical Staves
 n - a staff of conjuration (weapon)
Jewellery
 t - a ring of ice
Wands
 g - a wand of flame (23)
Scrolls
 f - 4 scrolls of noise
Potions
 d - a potion of might
 e - 2 potions of curing
 i - a potion of magic {unknown}
 j - 3 potions of attraction {unknown}
 l - a potion of berserk rage {unknown}
 q - a potion of mutation {unknown}
 r - a potion of cancellation {unknown}
 s - 2 potions of flight {unknown}


   Skills:
 - Level 2.4 Dodging
 - Level 2.4 Stealth
 + Level 6.3(6.9) Spellcasting
 + Level 3.9(4.4) Conjurations
 + Level 1.8(2.2) Hexes
 + Level 3.8 Summonings
 + Level 3.7(4.2) Translocations
 + Level 1.1 Fire Magic
 + Level 1.1 Air Magic
 + Level 1.1 Poison Magic


You had 7 spell levels left.
You knew the following spells:

 Your Spells              Type           Power      Damage    Failure   Level
a - Magic Dart            Conj           100%       1d8       1%          1
b - Blink                 Tloc           50%        N/A       2%          2
c - Call Imp              Summ           23%        N/A       2%          2
d - Slow                  Hex            64%        N/A       3%          1
e - Mephitic Cloud        Conj/Pois/Air  24%        N/A       11%         3
f - Conjure Flame         Conj/Fire      28%        6-21      9%          3

Your spell library contained the following spells:

 Spells                   Type           Power      Damage    Failure   Level
 Gell's Gravitas          Tloc           25%        N/A       4%          3
 Lesser Beckoning         Tloc           25%        N/A       4%          3
 Teleport Other           Tloc           25%        N/A       4%          3


Dungeon Overview and Level Annotations

Branches:
Dungeon (5/15)             Temple (0/1) D:4

Altars:
Ashenzari
Qazlal

Shops:
D:4 *

Annotations:
D:4 1 runed translucent door, arek5066's ghost, novice GnWn
D:5 Grinder; Prince Ribbit


Message History

You feel a surge of power!
The magic dart hits Prince Ribbit.
Prince Ribbit is lightly wounded.
Your shadow imp barely misses Prince Ribbit.
Grinder blinks!
Unknown command.
Casting: Magic Dart (safe; 1% risk of failure)
Confirm with . or Enter, or press ? or * to list all spells.
Aiming: Magic Dart (safe; 1% risk of failure)
Press: ? - help, Shift-Dir - straight line You feel a surge of power!
The magic dart hits Prince Ribbit.
Prince Ribbit is moderately wounded.
Prince Ribbit hits you.
Your shadow imp closely misses Prince Ribbit.
Unknown command.
Casting: Magic Dart (safe; 1% risk of failure)
Confirm with . or Enter, or press ? or * to list all spells.
Aiming: Magic Dart (safe; 1% risk of failure)
Press: ? - help, Shift-Dir - straight line You feel a surge of power!
The magic dart hits Prince Ribbit.
Prince Ribbit is moderately wounded.
Prince Ribbit closely misses you.
Your shadow imp hits Prince Ribbit.
Prince Ribbit barely misses you.
Unknown command.
Casting: Magic Dart (safe; 1% risk of failure)
Confirm with . or Enter, or press ? or * to list all spells.
Aiming: Magic Dart (safe; 1% risk of failure)
Press: ? - help, Shift-Dir - straight line You feel a surge of power!
The magic dart hits Prince Ribbit.
Prince Ribbit is heavily wounded.
Your shadow imp closely misses Prince Ribbit.
Prince Ribbit hits you!
Unknown command.
Casting: Magic Dart (safe; 1% risk of failure)
Confirm with . or Enter, or press ? or * to list all spells.
Aiming: Magic Dart (safe; 1% risk of failure)
Press: ? - help, Shift-Dir - straight line You feel a surge of power!
The magic dart hits Prince Ribbit!
Prince Ribbit is severely wounded.
Prince Ribbit hits you!
You die...

#.# #.# #.# #.#
#.# #.####
##.#..# #F5#.##
#@##.# #.#..#
#.#.## #...#
#..## .###
##..#
....####...#
######...##.###
..........#.#


You could see Prince Ribbit (ally target) and a friendly shadow imp (summoned).

Vanquished Creatures
  A sky beast (D:4)
  A water moccasin skeleton (D:4)
  A hound (D:4)
  A jelly (D:4)
  An orc priest (D:4)
  A bullfrog skeleton (D:5)
  2 iguanas
  An orc wizard (D:3)
  Terence (D:3)
  4 gnolls (D:4)
  4 adders
  2 river rats (D:4)
  2 adder skeletons
  2 worms (D:4)
  A dart slug (D:2)
  10 orcs
  4 endoplasms
  2 giant cockroaches
  3 goblins
  6 hobgoblins
  3 kobolds
  4 ball pythons
  3 bats
  A frilled lizard (D:1)
  4 rats
65 creatures vanquished.

Vanquished Creatures (collateral kills)
  A hound (D:5)
  2 adders (D:2)
3 creatures vanquished.

Grand Total: 68 creatures vanquished

Notes
Turn   | Place    | Note
-------+----------+-------------------------------------------
     0 | D:1      | tsouns the Deep Elf Hedge Wizard began the quest for the
                  | Orb.
     0 | D:1      | Reached XP level 1. HP: 10/10 MP: 7/7
   541 | D:1      | Reached XP level 2. HP: 15/15 MP: 5/9
  1153 | D:2      | Found a faded altar of an unknown god.
  1157 | D:2      | Prayed at the altar of an unknown god.
  1157 | D:2      | Became a worshipper of Ashenzari the Shackled
  1249 | D:2      | Learned a level 2 spell: Blink
  1252 | D:2      | Learned a level 2 spell: Call Imp
  1254 | D:2      | Learned a level 1 spell: Slow
  1423 | D:2      | Reached XP level 3. HP: 6/19 MP: 5/11
  1427 | D:2      | Learned a level 3 spell: Mephitic Cloud
  1781 | D:2      | Reached skill level 5 in Spellcasting
  2039 | D:3      | Learned a level 3 spell: Conjure Flame
  2052 | D:3      | Noticed Terence
  2086 | D:3      | Killed Terence
  2087 | D:3      | Reached XP level 4. HP: 7/24 MP: 0/13
  2471 | D:3      | Found a stormy altar of Qazlal.
  3016 | D:4      | Reached XP level 5. HP: 28/28 MP: 4/15
  3105 | D:4      | Found a staircase to the Ecumenical Temple.
  3374 | D:4      | Noticed a sky beast
  3391 | D:4      | Killed a sky beast
  3392 | D:4      | Reached XP level 6. HP: 22/32 MP: 1/17
  3759 | D:4      | Reached skill level 6 in Spellcasting
  4126 | D:4      | Found a runed translucent door.
  4142 | D:4      | Noticed arek5066's ghost (novice GnWn)
  4269 | D:4      | Reached skill level 1 in Hexes
  4892 | D:4      | Found Jaikit Bipuv's General Store.
  4986 | D:4      | Found a runed translucent door.
  5060 | D:3      | Reached skill level 1 in Fire Magic
  5060 | D:3      | Reached skill level 1 in Air Magic
  5060 | D:3      | Reached skill level 1 in Poison Magic
  5060 | D:3      | Reached XP level 7. HP: 34/36 MP: 8/19
  5170 | D:5      | Entered Level 5 of the Dungeon
  5209 | D:5      | Noticed Prince Ribbit
  5220 | D:5      | Noticed Grinder
  5238 | D:5      | Slain by Prince Ribbit

Illustrated notes

Levels and vault maps discovered:
D:1:      dpeg_arrival_tiny_d, layout_basic, minmay_pentomino_v2
D:2:      layout_loops_ring, chequers_ecumenical_altar_twisty
D:3:      layout_rooms, mainiacjoe_overflow_tiny_flanked, uniq_terence
D:4:      layout_basic, minmay_temple_entry_ruins, serial_shops,
          kennysheep_little_box, ebering_ghost_sewer_f
D:5:      layout_rooms, uniq_eustachio, uniq_grinder, uniq_prince_ribbit1

Skill      XL: |  1  2  3  4  5  6 |
---------------+-------------------+-----
Conjurations   | 2 3 |  3.9
Summonings     | 2 3 |  3.8
Spellcasting   | 5 6 |  6.3
Translocations | 2 3 |  3.7
Hexes          | 1 |  1.8
Fire Magic     | 1 |  1.1
Air Magic      | 1 |  1.1
Poison Magic   | 1 |  1.1
Dodging        | |  2.4
Stealth        | |  2.4

Action                   |  1- 3 |  4- 6 |  7- 9 || total
-------------------------+-------+-------+-------++-------
Melee: Dagger            |     4 |       |       ||     4
       Staff             |       |    11 |       ||    11
Throw: Boomerang         |       |     5 |       ||     5
 Cast: Magic Dart        |    63 |   152 |    12 ||   227
       Call Imp          |     5 |       |     2 ||     7
       Blink             |     1 |     1 |       ||     2
       Mephitic Cloud    |     3 |    17 |       ||    20
       Conjure Flame     |       |     1 |       ||     1
Invok: Curse Item        |     1 |       |       ||     1
  Use: Scroll            |       |     6 |       ||     6
 Stab: Confused          |       |     1 |       ||     1
Armor: Robe              |     3 |     2 |     1 ||     6
Dodge: Dodged            |    13 |    17 |     6 ||    36

Table legend: (Time is in decaauts)
 A = Elapsed time spent in this place.
 B = Non-inter-level travel time spent in this place.
 C = Inter-level travel time spent in this place.
 D = Time resting spent in this place.
 E = Time spent auto-exploring this place.
 F = Levels seen in this place.
 G = Mean time per level.
                   A        B        C        D        E       F      G
               +--------+--------+--------+--------+--------+-----+--------+
         Total |   5243 |   5130 |    113 |      6 |   4396 |   5 | 1048.6 |
       Dungeon |   5243 |   5130 |    113 |      6 |   4396 |   5 | 1048.6 |
               +--------+--------+--------+--------+--------+-----+--------+

Top non-repeatable levels by time:
     D:4: 1662 daAuts
     D:3: 1516 daAuts
     D:2: 1185 daAuts
     D:1: 810 daAuts
     D:5: 67 daAuts
